 Dungeon Crawl Stone Soup version 0.31-a0-662-g684573625c (webtiles) character file.

Game seed: 16505957971906939939

1419 Turgor the Changeling (level 8, 0/52 HPs)
             Began as an Octopode Shapeshifter on Aug 31, 2023.
             Succumbed to a hornet's poison
             ... on level 5 of the Dungeon on Sept 1, 2023.
             The game lasted 00:22:05 (5871 turns).

Turgor the Changeling (Octopode Shapeshifter)       Turns: 5871, Time: 00:22:06

Health: 0/52       AC:  1    Str: 15    XL:     8   Next: 71%
Magic:  8/8        EV: 14    Int: 13    God:
Gold:   65         SH:  0    Dex: 11    Spells: 4/7 levels left

rFire   . .          .
                       - Unarmed
rCold   . . .        (shield currently unavailable)
rNeg    . . .        (helmet restricted)
rPois   .            (no amulet)
rElec   .            (no ring)
rCorr   .            (no ring)
SInv    .            (no ring)
Will    .....        (no ring)
Stlth   +            (no ring)
HPRegen 0.28/turn    (no ring)
MPRegen 0.11/turn    (no ring)
                     (no ring)

%: no passive effects
@: lethally poisoned (0 -> -1), flux-form, slowed, glowing, very slow
A: glow, contaminating, reduced hp, almost no armour, amphibious, 8 rings,
camouflage 1, gelatinous body 1, (nimble swimmer 1), tentacles
a: Begin Untransformation


You were on level 5 of the Dungeon.
You were something dangerously unstable.
You visited 1 branch of the dungeon, and saw 6 of its levels.
You also visited: Sewer.

You collected 215 gold pieces.
You spent 150 gold pieces at shops.

Inventory:

Missiles
 j - 3 javelins (quivered)
Talismans
 b - a beast talisman
 c - a flux talisman (active)
 k - a granite talisman
Wands
 o - a wand of charming (7)
 t - a wand of iceblast (11)
Scrolls
 d - 2 scrolls of amnesia
 f - 2 scrolls of brand weapon
 h - a scroll of enchant armour
 i - 2 scrolls of poison
 l - 3 scrolls of vulnerability
 n - a scroll of revelation
 p - 2 scrolls of immolation
 q - a scroll of enchant weapon
Potions
 a - 2 potions of lignification
 e - a potion of enlightenment
 g - a potion of invisibility
 m - 2 potions of resistance
 r - a potion of attraction


   Skills:
 + Level 4.6 Fighting
 + Level 5.0 Dodging
 + Level 5.5 Unarmed Combat
 * Level 6.7 Shapeshifting


You had 4 spell levels left.
You knew the following spells:

 Your Spells              Type           Power      Damage    Failure   Level
a - Volatile Blastmotes   Fire/Tloc      0%         2d10      67%         3

Your spell library contained the following spells:

 Spells                   Type           Power      Damage    Failure   Level
 Freeze                   Ice            0%         1d3       30%         1
 Cigotuvi's Dreadful Rot  Necr/Pois/Air  0%         N/A       43%         2
 Dazzling Flash           Conj/Hex       0%         N/A       67%         3
 Frozen Ramparts          Ice            0%         1d1       67%         3
 Hailstorm                Conj/Ice       0%         3d3       67%         3
 Ignite Poison            Fire/Tmut/Pois 0%         N/A       67%         3
 Ozocubu's Armour         Ice            0%         N/A       67%         3
 Petrify                  Tmut/Erth      0%         N/A       97%         4
 Freezing Cloud           Conj/Ice/Air   0%         6-21      100%        5
 Metabolic Englaciation   Hex/Ice        0%         N/A       100%        5
 Starburst                Conj/Fire      0%         6d3       100%        6
 Ozocubu's Refrigeration  Ice            0%         4d7       100%        7
 Maxwell's Capacitive Co  Air            0%         ∞         100%        8


Dungeon Overview and Level Annotations

Branches:
Dungeon (6/15)              Sewer (visited)
 Temple: D:4-7

Altars:
Cheibriados
Okawaru
Yredelemnul

Shops:
D:5 ?   D:6 (


Innate Abilities, Weirdness & Mutations

You are something dangerously unstable.
You glow with magical radiation, making you easy to see and hit.
Foes you strike become dangerously contaminated with magical radiation.
Your maximum health is decreased, since you lack skill for your form.
You are incapable of wielding weapons or throwing items.
You cannot wear most types of armour.
You are amphibious.
You can wear up to eight rings at the same time.
Your skin changes colour to match your surroundings (Stealth+).
Your rubbery body absorbs attacks. (AC +1, EV +1)
((You are camouflaged when in or above water. (Stealth+)))
You have tentacles for arms and can constrict up to eight enemies at once.


Message History

You squeeze the hornet, but do no damage.
The hornet barely misses you. The hornet stings you.
You suddenly lose the ability to move!
The hornet stings you!
You feel yourself slow down. The hornet stings you.
You feel as though you will be slow longer.
The hornet stings you!
You are poisoned.
You feel as though you will be slow longer.
You feel very sick. The hornet stings you!
* * * LOW HITPOINT WARNING * * *
You feel as though you will be slow longer.
The hound bites you.
* * * LOW HITPOINT WARNING * * *
You can move again.
Okay, then.
Unknown command.
As you read the scroll of fear, it crumbles to dust.
You assume a fearsome visage.
The black bear looks frightened!
The hornet looks frightened!
The hound looks frightened!
You feel very sick.
As you read the scroll labelled XUKKORAINK, it crumbles to dust.
It is a scroll of enchant weapon.
You aren't carrying any weapons that can be enchanted.
You feel sick.
Cornered, the black bear turns to fight!
Cornered, the hornet turns to fight!
Unknown command.
You feel sick.
Cornered, the hound turns to fight!
The hound closely misses you.
There is an escape hatch in the ceiling here.
Unknown command.
You feel sick. The hound bites you.
* * * LOW HITPOINT WARNING * * *
The hound bites you.
* * * LOW HITPOINT WARNING * * *
The hound barely misses you. A mysterious force pulls you upwards.
The hatch slams shut behind you.
You die...

#############
#...........###
#.####........# # #.#
#........# ## #B#
#........# #.
#h#########'#####.
#######.#...............
#>...........####.######
#.#####.#.#......[......
#....##.#.#.##.#.#######
#.##.##..........# #
#.##)##...#.###..#### #
#.##.##.....####....####


You could see a hound.

Vanquished Creatures
  A water moccasin (D:5)
  An ice beast (D:5)
  An ogre (D:5)
  A phantom (D:6)
  A gnoll sergeant (D:5)
  A scorpion (D:4)
  8 jellies
  An orc priest (D:5)
  5 hounds
  5 iguanas
  A sleepcap (D:4)
  4 orc wizards
  5 gnolls (D:5)
  10 adders
  2 river rats (Sewer)
  A shadow imp (D:5)
  An ufetubus (D:5)
  2 worms
  5 dart slugs
  10 orcs
  2 ball pythons
  2 bats
  10 endoplasms
  10 giant cockroaches
  5 goblins
  6 hobgoblins
  4 jackals (D:3)
  3 kobolds
  2 quokkas
  8 frilled lizards
  6 rats
124 creatures vanquished.

Notes
Turn   | Place    | Note
-------+----------+-------------------------------------------
     0 | D:1      | Turgor the Octopode Shapeshifter began the quest for the
                  | Orb.
     0 | D:1      | Reached XP level 1. HP: 13/13 MP: 1/1
   273 | D:1      | Reached XP level 2. HP: 18/18 MP: 2/2
   415 | D:1      | Found a faded altar of an unknown god.
   890 | D:2      | Reached XP level 3. HP: 18/23 MP: 3/3
  1355 | D:2      | You fall into a shaft and drop 2 floors!
  1371 | D:4      | Reached XP level 4. HP: 29/29 MP: 4/4
  1451 | D:4      | Identified the +3 leather armour "Dostael" {Harm}
  1466 | D:4      | Found an iron altar of Okawaru.
  1501 | D:4      | Reached skill level 4 in Shapeshifting
  1501 | D:4      | Reached XP level 5. HP: 26/34 MP: 5/5
  1784 | D:3      | Found a glowing drain.
  1800 | D:3      | Reached XP level 6. HP: 35/41 MP: 6/6
  1824 | Sewer    | Entered a sewer
  2361 | Sewer    | Found a viscous altar of Jiyva.
  2411 | Sewer    | Reached skill level 5 in Shapeshifting
  2851 | D:3      | Reached XP level 7. HP: 46/46 MP: 7/7
  2898 | D:3      | Found a snail-covered altar of Cheibriados.
  3107 | D:3      | Learned a level 3 spell: Volatile Blastmotes
  3584 | D:4      | Found a basalt altar of Yredelemnul.
  3933 | D:5      | Entered Level 5 of the Dungeon
  4117 | D:5      | Found Qauxkod's Magic Scroll Emporium.
  4216 | D:5      | Bought a scroll of fear for 60 gold pieces
  4216 | D:5      | Bought a scroll of identify for 30 gold pieces
  4216 | D:5      | Bought a scroll of identify for 30 gold pieces
  4216 | D:5      | Bought a scroll of identify for 30 gold pieces
  4633 | D:5      | Reached skill level 5 in Unarmed Combat
  4633 | D:5      | Reached skill level 6 in Shapeshifting
  4633 | D:5      | Reached XP level 8. HP: 54/54 MP: 8/8
  5782 | D:6      | Reached skill level 5 in Dodging
  5842 | D:6      | Found Otwo's Weapon Shoppe.
  5855 | D:6      | Noticed a hornet
  5863 | D:6      | Paralysed by a hornet for 3 turns
  5870 | D:6      | HP: 2/52 [hound (4)]
  5871 | D:5      | Succumbed to a hornet's poison

Illustrated notes

Levels and vault maps discovered:
D:1:      minmay_arrival_glassed_features, layout_basic,
          hellmonk_ecumenical_altar_defaced_shrine, minmay_misc_feat_pillars,
          chequers_garden
D:2:      layout_basic, kennysheep_cross_bottleneck
D:3:      layout_basic, lemuel_crystal_altar, gup_sewer_entry_glass
D:4:      layout_loops_ring, mainiacjoe_overflow_concentric_impassable,
          mainiacjoe_overflow_alcove_2, roderic_lattice_a, minmay_puff
D:5:      layout_basic, serial_shops, shop_statue
D:6:      layout_basic, serial_shops, nicolae_shop_trees,
          nicolae_shop_getting_attention, shop, nicolae_shop_statue_plus,
          kennysheep_path_1

Skill      XL: |  1  2  3  4  5  6  7  8 |
---------------+-------------------------+-----
Fighting       | 2 3 4 |  4.6
Shapeshifting  | 4 5 6 |  6.7
Dodging        | 3 4 5 |  5.0
Unarmed Combat | 4 5 |  5.5

Action                     |  1- 3 |  4- 6 |  7- 9 || total
---------------------------+-------+-------+-------++-------
  Melee: Unarmed           |    58 |    98 |   138 ||   294
         Constrict         |    14 |    21 |    30 ||    65
         Tentacles         |     8 |    23 |    33 ||    64
         Punch             |       |     2 |     4 ||     6
  Throw: Javelin           |     1 |     3 |     3 ||     7
  Evoke: Wand              |       |       |     3 ||     3
    Use: Scroll            |     4 |     1 |    11 ||    16
         Potion            |     1 |       |     4 ||     5
   Stab: Sleeping          |     5 |     5 |     5 ||    15
         Distracted        |       |     1 |       ||     1
 Armour: Skin              |    15 |    25 |    64 ||   104
  Dodge: Dodged            |    30 |    38 |    80 ||   148
   Form: Flux              |       |       |     1 ||     1

Table legend: (Time is in decaauts)
 A = Elapsed time spent in this place.
 B = Non-inter-level travel time spent in this place.
 C = Inter-level travel time spent in this place.
 D = Time resting spent in this place.
 E = Time spent auto-exploring this place.
 F = Levels seen in this place.
 G = Mean time per level.
                   A        B        C        D        E       F      G
               +--------+--------+--------+--------+--------+-----+--------+
         Total |   5824 |   5554 |    270 |    407 |   3721 |   7 |  832.0 |
       Dungeon |   5168 |   4898 |    270 |    359 |   3370 |   6 |  861.3 |
         Sewer |    656 |    656 |      0 |     47 |    351 |   1 |  656.0 |
               +--------+--------+--------+--------+--------+-----+--------+

Top non-repeatable levels by time:
     D:5: 1475 daAuts
     D:4: 1115 daAuts
     D:2: 853 daAuts
     D:1: 776 daAuts
     D:3: 658 daAuts
   Sewer: 656 daAuts
     D:6: 289 daAuts
